 Dungeon Sprint DCSS version 0.22-a0-614-g34fbaa0 (webtiles) character file.

3906 Krakonus1 the Bludgeoner (level 10, 0/92 HPs)
             Began as an Ogre Fighter on July 19, 2018.
             Was a High Priest of Okawaru.
             Slain by a tyrant leech (27 damage)
             ... in the Dungeon (Sprint IX: "|||||||||||||||||||||||||||||").
             The game lasted 00:06:41 (1071 turns).

Krakonus1 the Bludgeoner (Ogre Fighter)             Turns: 1071, Time: 00:06:42

Health: 0/92       AC: 12    Str: 28    XL:     10   Next: 20%
Magic:  3/10       EV: 12    Int:  7    God:    Okawaru [*****.]
Gold:   0          SH: 11    Dex: 10    Spells: 9/9 levels left

rFire    . . .     SeeInvis .   q - +4 morningstar (protect)
rCold    . . .     Gourm    .   c - +0 shield
rNeg     . . .     Faith    .   b - +0 robe
rPois    .         Spirit   .   (helmet restricted)
rElec    .         Reflect  .   (no cloak)
rCorr    .         Harm     .   (gloves unavailable)
MR       +....     NoTele   +   (boots unavailable)
Stlth    +++.......             (no amulet)
HPRegen  0.25/turn              r - +3 ring of strength
MPRegen  0.12/turn              s - +2 ring of protection

@: heroism, finesse, protection aura
A: large, unfitting armour, antennae 1, agile 1, dopey 1, tough skin 1
a: Heroism, Finesse, Renounce Religion


You were in the Dungeon.
You worshipped Okawaru.
Okawaru was extremely pleased with you.
You were not hungry.

You visited 1 branch

Inventory:

Hand Weapons
 a - a +0 flail
 q - a +4 morningstar of protection (weapon)
Armour
 b - a +0 robe (worn)
 c - a +0 shield (worn)
Jewellery
 r - a +3 ring of strength (left hand)
 s - a +2 ring of protection (right hand)
Wands
 p - a wand of iceblast (10)
Scrolls
 j - 3 scrolls of identify
 k - 2 scrolls of blinking
 n - 5 scrolls of remove curse
 o - 2 scrolls of amnesia
Potions
 e - 4 potions of curing
 i - 4 potions of magic
Comestibles
 f - a ration
 g - 12 chunks of flesh


   Skills:
 - Level 4.0(9.0) Fighting
 * Level 19.6(24.6) Maces & Flails
 - Level 2.6(7.6) Dodging
 - Level 2.6(7.6) Shields


You had 9 spell levels left.
You didn't know any spells.
Your spell library was empty.

Dungeon Overview and Level Annotations

Branches:
Dungeon (1/1)

Altars:
Cheibriados
Dithmenos
Elyvilon
Fedhas
Gozag
Hepliaklqana
Kikubaaqudgha
Makhleb
Nemelex Xobeh
Okawaru
Qazlal
Ru
Sif Muna
Trog
Uskayaw
Vehumet
Wu Jian
Xom
Yredelemnul
Zin
The Shining One
Beogh
Jiyva
Lugonu


Innate Abilities, Weirdness & Mutations

You are too large for most types of armour.
You have tough skin. (AC +1)
You have a pair of small antennae on your head.
You are agile. (Dex +2)
You are dopey. (Int -2)


Message History

Okay, then.
You gain the combat prowess of a mighty hero.
The tyrant leech bites you!
The tyrant leech draws strength from your injuries!
You block the blink frog's attack.
You impale the tyrant leech!!
Your weapon exudes an aura of protection.
The tyrant leech is heavily wounded.
You block the blink frog's attack. The tyrant leech bites you!!
* * * LOW HITPOINT WARNING * * *
The tyrant leech draws strength from your injuries!
You feel much better. The blink frog hits you!
The blink frog blinks!
The tyrant leech bites you!
* * * LOW HITPOINT WARNING * * *
The tyrant leech draws strength from your injuries!
You fail to use your ability.
A bullfrog comes into view.
You can now deal lightning-fast blows.
The blink frog blinks!
The tyrant leech bites you!!
You die...

▓▓▓▓▓▓▓▓▓▓▓▓▓▓▓▓▓▓▓▓▓▓▓▓▓▓▓▓▓▓▓▓▓
_________________'..|)[[[.()))...
▓▓▓▓▓▓▓▓▓▓▓▓▓▓▓▓▓▓▓▓▓▓▓▓▓▓▓▓▓▓▓▓▓
.................................
▓▓▓▓▓▓▓▓▓▓▓▓▓▓▓▓▓▓▓▓▓▓▓▓▓▓▓▓▓▓▓▓▓
.......'..†..§.F@wyFyFF.
▓▓▓▓▓▓▓▓▓▓▓▓▓▓▓▓▓▓▓▓▓▓▓▓


You could see a tyrant leech, 2 blink frogs, 2 vampire mosquitoes and 2
bullfrogs.

Vanquished Creatures
  A hydra (D)
  A black mamba (D)
  A spiny frog (D)
  A polar bear (D)
  A blink frog (D)
  2 hippogriffs (D)
  2 yaks (D)
  2 water moccasins (D)
  3 porcupines (D)
  A phantom (D)
  A black bear (D)
  3 centaurs (D)
  3 crocodiles (D)
  A big kobold (D)
  2 bullfrogs (D)
  2 crimson imps (D)
  A hound (D)
  A gnoll (D)
  A leopard gecko (D)
  An orc (D)
  2 giant cockroaches (D)
  A hobgoblin (D)
  A ball python skeleton (D)
  A ball python zombie (D)
  3 frilled lizards (D)
39 creatures vanquished.

Vanquished Creatures (others)
  A spatial maelstrom (D)
  A vampire (D)
  A jelly (D)
3 creatures vanquished.

Grand Total: 42 creatures vanquished

Notes
Turn   | Place    | Note
-------+----------+-------------------------------------------
     0 | D        | Krakonus1 the Ogre Fighter began the quest for the Orb.
     0 | D        | Reached XP level 1. HP: 24/24 MP: 1/1
     4 | D        | Reached skill level 2 in Maces & Flails
     4 | D        | Banished a spatial maelstrom
    11 | D        | Reached skill level 3 in Maces & Flails
    45 | D        | Noticed a crimson imp
    45 | D        | Noticed a crimson imp
    48 | D        | Killed a crimson imp
    48 | D        | Reached skill level 6 in Maces & Flails
    48 | D        | Reached XP level 2. HP: 29/32 MP: 2/2
    48 | D        | Reached XP level 3. HP: 36/39 MP: 3/3
    55 | D        | Reached skill level 7 in Maces & Flails
    55 | D        | Reached XP level 4. HP: 43/48 MP: 4/4
    66 | D        | Found a roughly hewn altar of Beogh.
    66 | D        | Found a snail-covered altar of Cheibriados.
    66 | D        | Found a shadowy altar of Dithmenos.
    66 | D        | Found a white marble altar of Elyvilon.
    66 | D        | Found a blossoming altar of Fedhas.
    66 | D        | Found an opulent altar of Gozag.
    67 | D        | Found a hazy altar of Hepliaklqana.
    68 | D        | Found a viscous altar of Jiyva.
    69 | D        | Found an ancient bone altar of Kikubaaqudgha.
    70 | D        | Found a corrupted altar of Lugonu.
    71 | D        | Found a burning altar of Makhleb.
    72 | D        | Found a sparkling altar of Nemelex Xobeh.
    73 | D        | Found an iron altar of Okawaru.
    74 | D        | Found a stormy altar of Qazlal.
    75 | D        | Found a sacrificial altar of Ru.
    76 | D        | Found a deep blue altar of Sif Muna.
    77 | D        | Found a bloodstained altar of Trog.
    78 | D        | Found a hide-covered altar of Uskayaw.
    79 | D        | Found a radiant altar of Vehumet.
    80 | D        | Found an ornate altar of the Wu Jian Council.
    81 | D        | Became a worshipper of Warmaster Okawaru
    82 | D        | Found a shimmering altar of Xom.
    83 | D        | Found a basalt altar of Yredelemnul.
    84 | D        | Found a glowing silver altar of Zin.
    85 | D        | Found a glowing golden altar of the Shining One.
   113 | D        | Noticed a centaur
   113 | D        | Noticed a phantom
   113 | D        | Noticed a centaur
   116 | D        | Killed a centaur
   116 | D        | Reached skill level 9 in Maces & Flails
   116 | D        | Reached XP level 5. HP: 41/54 MP: 5/5
   125 | D        | Reached skill level 10 in Maces & Flails
   128 | D        | Killed a phantom
   128 | D        | Reached * piety under Okawaru
   128 | D        | Reached skill level 11 in Maces & Flails
   128 | D        | Reached XP level 6. HP: 62/62 MP: 6/6
   131 | D        | Reached skill level 12 in Maces & Flails
   192 | D        | Noticed a vampire
   192 | D        | Noticed a six-headed hydra
   203 | D        | Killed a six-headed hydra
   203 | D        | Reached ** piety under Okawaru
   203 | D        | Reached *** piety under Okawaru
   203 | D        | Reached skill level 15 in Maces & Flails
   203 | D        | Reached XP level 7. HP: 20/70 MP: 7/7
   203 | D        | Reached XP level 8. HP: 22/78 MP: 8/8
   210 | D        | Killed a vampire
   220 | D        | Reached skill level 16 in Maces & Flails
   564 | D        | Gained mutation: You are dopey. (Int -2) [potion of mutation]
   564 | D        | Gained mutation: You have a pair of small antennae on your head. [potion of mutation]
   564 | D        | Gained mutation: You are agile. (Dex +2) [potion of mutation]
   567 | D        | Noticed a hippogriff
   567 | D        | Noticed a yak
   567 | D        | Noticed a blink frog
   575 | D        | Killed a hippogriff
   575 | D        | Reached **** piety under Okawaru
   575 | D        | Noticed a hippogriff
   586 | D        | Killed a yak
   586 | D        | Reached XP level 9. HP: 65/84 MP: 9/9
   600 | D        | Reached skill level 17 in Maces & Flails
   608 | D        | Received a gift from Okawaru
   645 | D        | HP: 8/84 [blink frog (14)]
   648 | D        | Reached skill level 18 in Maces & Flails
   887 | D        | Noticed a polar bear
   894 | D        | Noticed a black mamba
   906 | D        | Killed a polar bear
   908 | D        | Reached ***** piety under Okawaru
   919 | D        | Killed a black mamba
   919 | D        | Reached skill level 19 in Maces & Flails
   919 | D        | Reached XP level 10. HP: 63/92 MP: 7/10
  1051 | D        | Noticed a spiny frog
  1059 | D        | Killed a spiny frog
  1071 | D        | Slain by a tyrant leech

Vault maps used:
D:        linesprint

Skill      XL: |  1  2  3  4  5  6  7  8  9 |
---------------+----------------------------+-----
Maces & Flails | 6 7 9 11 15 16 19 | 19.6
Fighting       | |  4.0
Dodging        | |  2.6
Shields        | |  2.6

Action                   |  1- 3 |  4- 6 |  7- 9 | 10-12 || total
-------------------------+-------+-------+-------+-------++-------
Melee: Flail             |    26 |     2 |       |       ||    28
       Morningstar       |       |    24 |   104 |    18 ||   146
Invok: Heroism           |       |       |     3 |     2 ||     5
       Finesse           |       |       |       |     1 ||     1
  Use: Potion            |       |     7 |     5 |     3 ||    15
       Scroll            |       |       |     2 |       ||     2
 Stab: Invisible         |       |       |     1 |       ||     1
  Eat: Chunk             |       |       |       |     1 ||     1
Armor: Robe              |     4 |    16 |    14 |     2 ||    36
Dodge: Dodged            |     6 |     9 |    22 |     3 ||    40
Block: Shield            |    10 |    16 |    26 |     5 ||    57

Table legend:
 A = Spawn XP
 B = Non-spawn XP
 C = Spawn XP percentage of total XP
 D = Spawn monster count
 E = Non-spawn monster count
 F = Spawn count percentage of total count
 G = Total turns spent on level
                    A         B        C        D         E        F      G
               +---------+---------+-------+---------+---------+-------+---------
         Total |       0 |    5581 |   0.0 |       0 |      40 |   0.0 |  1071
               +---------+---------+-------+---------+---------+-------+---------
             D |       0 |    5581 |   0.0 |       0 |      40 |   0.0 |  1071
               +---------+---------+-------+---------+---------+-------+---------
